 Dungeon Sprint DCSS version 0.15-a0-2246-gfd41422 (webtiles) character file.

47222 BluebellGnoll the Evocator (level 14, -3/141 HPs)
             Began as a Deep Dwarf Artificer on July 26, 2014.
             Was a High Priest of Makhleb.
             Killed from afar by Mara (illusionary) (57 damage)
             ... with a bolt of fire
             ... in the Dungeon (Sprint IX: "|||||||||||||||||||||||||||||").
             The game lasted 01:07:10 (4130 turns).

BluebellGnoll the Evocator (Deep Dwarf Artificer)   Turns: 4130, Time: 01:07:10

HP  -3/141       AC 23     Str 15      XL: 14   Next:  7%
MP  18/18        EV  7     Int 14      God: Makhleb [*****.]
Gold 296         SH 32     Dex 23      Spells:  0 memorised, 13 levels left

rFire  . . .     SeeInvis .     u - +6 cutlass (elec)
rCold  . . .     Clarity  +     Q - +2 plate armour {rN+}
rNeg   + + +     rCorr    .     y - +18 shield of the gong {rElec rN+ MR+ EV-5}
rPois  .         rRot     .     F - +0 hat {MR+}
rElec  +         Spirit   .     T - +1 cloak {MR+}
SustAb .         Warding  .     R - +0 pair of gloves
rMut   .         NoTele   +     t - +0 pair of boots
Gourm  .                        L - amulet of clarity
MR     +++++                    M - ring of protection from magic
                                S - +6 ring of dexterity

@: non-regenerating, almost entirely resistant to hostile enchantments, very
unstealthy
A: damage resistance, recharge devices, negative energy resistance 1, sense
surroundings 2, slow healing 3
a: Device Recharging, Minor Destruction, Lesser Servant of Makhleb, Major
Destruction, Greater Servant of Makhleb, Renounce Religion


You were in the Dungeon.
You worshipped Makhleb.
Makhleb was extremely pleased with you.
You were not hungry.

You visited 1 branch You collected 1826 gold pieces.
You spent 1530 gold pieces at shops.

Inventory:

Hand weapons
 u - a +6 cutlass of electrocution (weapon)
 w - the +0 triple crossbow of Cruel Justice {elec, rC++ MR+}
   (You found it in the Dungeon)

   It charges the ammunition it shoots with electricity; occasionally upon a
   hit, such missiles may discharge and cause terrible harm.
   It greatly protects you from cold.
   It affects your resistance to hostile enchantments.
 G - the +0 triple crossbow of Impatience {freeze, rC++}
   (You found it in the Dungeon)

   It turns projectiles fired from it into bolts of frost.
   It greatly protects you from cold.
Missiles
 n - 5 tomahawks (quivered)
 o - 17 arrows of frost
 W - 77 bolts
Armour
 a - a +0 helmet
 t - a +0 pair of boots (worn)
 y - the +18 shield of the gong (worn) {rElec rN+ MR+ EV-5}
   (You bought it in a shop in the Dungeon)

   It affects your evasion (-5).
   It insulates you from electricity.
   It protects you from negative energy.
   It affects your resistance to hostile enchantments.
 F - a +0 hat of magic resistance (worn)
 Q - a +2 plate armour of positive energy (worn)
 R - a +0 pair of gloves (worn)
 T - a +1 cloak of magic resistance (worn)
Magical devices
 b - a wand of flame (5)
 c - a wand of enslavement (13)
 d - a wand of random effects (1)
 e - a wand of random effects (9)
 f - a wand of heal wounds (2)
 s - a wand of fire (5)
 z - a wand of draining (3)
 E - a wand of confusion (5)
Comestibles
 g - 14 bread rations
 x - 33 fruits
 H - 11 meat rations
Scrolls
 m - 2 scrolls of blinking
 q - 3 scrolls of remove curse
 r - 2 scrolls of amnesia
 B - 2 scrolls of identify
 C - 6 scrolls of fear
 D - 2 scrolls of fog
 O - 3 scrolls of recharging
Jewellery
 j - an uncursed ring of invisibility
 v - an uncursed ring of ice
 I - an uncursed ring of wizardry
 K - an uncursed ring of protection from cold
 L - an amulet of clarity (around neck)
 M - a ring of protection from magic (right hand)
 S - a +6 ring of dexterity (left hand)
Potions
 h - 7 potions of curing
 i - 7 potions of heal wounds
 k - 4 potions of magic
 l - 3 potions of berserk rage
 p - a potion of invisibility
 A - 3 potions of agility
 J - a potion of brilliance
 N - 2 potions of cure mutation
 P - a potion of restore abilities
 U - a potion of resistance
 V - a potion of might


   Skills:
 - Level 13.5 Fighting
 - Level 17.7 Short Blades
 - Level 8.8 Throwing
 - Level 13.5 Armour
 - Level 13.7 Dodging
 - Level 10.2 Stealth
 - Level 15.2 Shields
 - Level 9.4 Invocations
 - Level 21.3 Evocations


You had 13 spell levels left.
You didn't know any spells.

Dungeon Overview and Level Annotations

Branches:
Dungeon (1/1)

Altars:
Cheibriados
Dithmenos
Elyvilon
Fedhas
Gozag
Kikubaaqudgha
Makhleb
Nemelex Xobeh
Okawaru
Qazlal
Sif Muna
Trog
Vehumet
Xom
Yredelemnul
Zin
The Shining One
Beogh
Jiyva
Lugonu

Shops:
D }![:

Annotations:
D Mara


Innate Abilities, Weirdness & Mutations

You are resistant to damage.
You can recharge devices by infusing magical energy.
You resist negative energy.
You passively map the area around you.
You do not heal naturally.


Message History

The bolt of fire hits BluebellGnoll's illusion.
The bolt of fire hits your cacodemon. The bolt of fire hits you!
Your cacodemon gestures at Mara.
BluebellGnoll's illusion resists with almost no effort.
BluebellGnoll's illusion barely misses your cacodemon.
Mara blinks!
Your cacodemon gestures at Mara.
The bolt of energy hits BluebellGnoll's illusion.
The bolt of energy hits Mara. x2
BluebellGnoll's illusion hits your cacodemon but does no damage.
Mara says, "Bound art thou by all the snares!"
Your cacodemon hits BluebellGnoll's illusion but does no damage. x2
BluebellGnoll's illusion hits your cacodemon but does no damage.
Your cacodemon barely misses BluebellGnoll's illusion.
Your cacodemon hits BluebellGnoll's illusion but does no damage.
BluebellGnoll's illusion hits your cacodemon but does no damage.
Mara gestures at you.
The bolt of fire hits BluebellGnoll's illusion.
The bolt of fire hits your cacodemon. The bolt of fire hits you!
You die...

▓
▓▓▓▓▓▓▓▓▓▓▓▓▓▓▓▓▓▓▓▓▓▓▓
. . .
▓.@.▓...▓...▓...▓.. ▓ .
.▓.▓.▓.▓.▓.▓.▓.▓.▓.▓ .
▓ ▓ ▓2▓.▓.▓.▓.▓.▓.▓.▓.▓
▓. ▓
▓@▓.▓.▓.▓.▓.▓.▓.▓.▓ ▓
▓+▓R▓.▓.▓.▓.▓.▓.▓.▓.▓ ▓
▓R▓.▓.▓.▓.▓.▓.▓.▓.▓ ▓ +
▓. .
▓R▓.▓.▓.▓.▓.▓)▓.▓.▓ ▓
.▓ ▓.▓.▓.▓.▓.▓.▓.▓.▓.▓
.▓ ▓
▓.▓.▓.▓.▓.▓.▓.▓.▓.▓


You could see 3 Maras, BluebellGnoll's illusion and a friendly cacodemon.

Vanquished Creatures
  Mennas (D)
  A thorn hunter (D)
  A vault warden (D)
  An emperor scorpion (D)
  3 stone giants (D)
  A yaktaur captain (D)
  A great orb of eyes (D)
  An ettin (D)
  3 ice dragons (D)
  A hydra (D)
  2 naga warriors (D)
  A rakshasa (D)
  An ogre mage (D)
  An alligator snapping turtle (D)
  2 centaur warriors (D)
  2 tengu warriors (D)
  4 orc high priests (D)
  2 death yaks (D)
  A catoblepas (D)
  Erolcha (D)
  A giant orange brain (D)
  2 hill giants (D)
  A harpy (D)
  An orc knight (D)
  A mana viper (shapeshifter) (D)
  An orc sorcerer (D)
  A stone giant skeleton (D)
  A spiny frog (D)
  A torpor snail (D)
  A black mamba (D)
  An emperor scorpion zombie (D)
  Psyche (D)
  An orange demon (D)
  A jumping spider (D)
  A two-headed ogre (D)
  A snapping turtle (D)
  4 yaks (D)
  A blink frog (D)
  A blink frog (shapeshifter) (D)
  A basilisk (shapeshifter) (D)
  A ynoxinul (D)
  3 ugly things (D)
  A mottled dragon (D)
  A naga (D)
  An ice beast (D)
  11 orc warriors (D)
  A yellow wasp (D)
  3 porcupines (D)
  A tengu skeleton (D)
  A water moccasin (D)
  A centaur (D)
  A crocodile (D)
  A giant frog (D)
  A crimson imp (D)
  2 hounds (D)
  An orc priest (D)
  A jelly (D)
  2 orc wizards (D)
  An iguana (D)
  A sheep (D)
  A worker ant (D)
  An orc zombie (D)
  A worm zombie (D)
  2 ufetubi (D)
  An adder zombie (D)
  An orc (D)
  A goblin (D)
  4 hobgoblins (D)
  2 kobolds (D)
  2 quokkas (D)
  A giant newt (D)
  A hobgoblin zombie (D)
  2 rats (D)
  A rat skeleton (D)
  2 briar patches (D)
114 creatures vanquished.

Vanquished Creatures (collateral kills)
  Nikola (D)
  A tengu reaver (D)
  A vault warden (D)
  A fire giant (D)
  A greater naga (D)
  A rakshasa (D)
  An anaconda (D)
  A shambling mangrove (D)
  Erica (D)
  2 death yaks (D)
  4 orc high priests (D)
  A tengu warrior (D)
  An ice devil (D)
  A hill giant (D)
  3 orb spiders (D)
  An ironbrand convoker (D)
  A deep elf conjurer (D)
  A necromancer (D)
  5 orc knights (D)
  3 wolf spiders (D)
  2 griffons (D)
  2 manticores (D)
  2 mana vipers (D)
  2 orc sorcerers (D)
  2 cyclopes (D)
  2 black mambas (D)
  2 vault sentinels (D)
  A mermaid (D)
  A spiny frog (D)
  2 yaktaurs (D)
  A freezing wraith (D)
  A polar bear (D)
  A boulder beetle (D)
  A jumping spider (D)
  2 snapping turtles (D)
  2 yaks (D)
  A trapdoor spider (D)
  2 vampire mosquitoes (D)
  2 deep elf fighters (D)
  A tengu skeleton (D)
  2 swamp drakes (D)
  2 orc warriors (D)
  A crocodile (D)
  2 giant frogs (D)
  4 orc priests (D)
  An adder (D)
  3 orcs (D)
  A briar patch (D)
  A plant (D)
81 creatures vanquished.

Vanquished Creatures (others)
  2 Executioners (D)
  A balrug (D)
  4 cacodemons (D)
  4 green deaths (D)
  4 blizzard demons (D)
  A plant (D)
16 creatures vanquished.

Grand Total: 211 creatures vanquished

Notes
Turn   | Place    | Note
--------------------------------------------------------------
     0 | D        | BluebellGnoll, the Deep Dwarf Artificer, began the quest for the Orb.
     0 | D        | Reached XP level 1. HP: 16/16 MP: 1/1
    53 | D        | Noticed a centaur
    59 | D        | Reached skill level 1 in Fighting
    64 | D        | Killed a centaur
    64 | D        | Reached skill level 6 in Short Blades
    64 | D        | Reached XP level 2. HP: 2/31 MP: 3/3
    64 | D        | Reached XP level 3. HP: 2/37 MP: 5/5
    64 | D        | Reached XP level 4. HP: 2/45 MP: 6/6
    69 | D        | Reached skill level 5 in Fighting
    84 | D        | Found a glowing silver altar of Zin.
    84 | D        | Found a glowing golden altar of the Shining One.
    84 | D        | Found an ancient bone altar of Kikubaaqudgha.
    84 | D        | Found a basalt altar of Yredelemnul.
    84 | D        | Found a shimmering altar of Xom.
    84 | D        | Found a radiant altar of Vehumet.
    84 | D        | Found an iron altar of Okawaru.
    85 | D        | Found a burning altar of Makhleb.
    86 | D        | Found a deep blue altar of Sif Muna.
    87 | D        | Found a bloodstained altar of Trog.
    88 | D        | Found a sparkling altar of Nemelex Xobeh.
    89 | D        | Found a white marble altar of Elyvilon.
    90 | D        | Found a roughly hewn altar of Beogh.
    91 | D        | Found a viscous altar of Jiyva.
    92 | D        | Found a corrupted altar of Lugonu.
    93 | D        | Found a blossoming altar of Fedhas.
    94 | D        | Became a worshipper of Makhleb the Destroyer
   116 | D        | Acquired Makhleb's first power
   137 | D        | Found a snail-covered altar of Cheibriados.
   138 | D        | Found a shadowy altar of Dithmenos.
   139 | D        | Found a stormy altar of Qazlal.
   140 | D        | Found an opulent altar of Gozag.
   206 | D        | Noticed an orc wizard
   206 | D        | Noticed a hound
   206 | D        | Noticed a jelly
   207 | D        | Killed a jelly
   207 | D        | Acquired Makhleb's second power
   212 | D        | Killed a hound
   212 | D        | Reached skill level 7 in Short Blades
   212 | D        | Reached XP level 5. HP: 40/55 MP: 8/8
   230 | D        | Killed an orc wizard
   236 | D        | Acquired Makhleb's third power
   251 | D        | Noticed an orc warrior
   251 | D        | Noticed a yak
   251 | D        | Noticed a worker ant
   251 | D        | Noticed a yellow wasp
   251 | D        | Noticed an ice beast
   251 | D        | Noticed a hound
   253 | D        | Killed a hound
   253 | D        | Killed a yellow wasp
   253 | D        | Reached XP level 6. HP: 40/63 MP: 10/10
   254 | D        | Killed an ice beast
   254 | D        | Acquired Makhleb's fourth power
   254 | D        | Reached skill level 10 in Dodging
   255 | D        | Killed a worker ant
   258 | D        | Killed a yak
   258 | D        | Reached skill level 12 in Dodging
   258 | D        | Reached XP level 7. HP: 60/70 MP: 11/11
   265 | D        | Killed an orc warrior
   271 | D        | Acquired Makhleb's fifth power
   383 | D        | Noticed a crocodile
   383 | D        | Noticed a giant frog
   383 | D        | Noticed a porcupine
   383 | D        | Noticed a porcupine
   383 | D        | Noticed a water moccasin
   383 | D        | Noticed an iguana
   384 | D        | Killed an iguana
   384 | D        | Reached skill level 1 in Invocations
   384 | D        | Killed a porcupine
   387 | D        | Noticed a black mamba
   387 | D        | Killed a water moccasin
   387 | D        | Reached skill level 5 in Invocations
   388 | D        | Killed a giant frog
   388 | D        | Killed a crocodile
   388 | D        | Reached XP level 8. HP: 81/81 MP: 11/17
   390 | D        | Killed a black mamba
   391 | D        | Killed a porcupine
   407 | D        | Noticed a polar bear
   407 | D        | Noticed a crocodile
   407 | D        | Noticed a giant frog
   407 | D        | Noticed a death yak
   407 | D        | Noticed a porcupine
   411 | D        | Killed a porcupine
   411 | D        | Reached skill level 5 in Evocations
   411 | D        | Killed a giant frog
   413 | D        | Noticed a spiny frog
   414 | D        | Noticed a blink frog
   416 | D        | Killed a death yak
   416 | D        | Gained mutation: You passively map the area around you. [level up]
   416 | D        | Reached XP level 9. HP: 80/91 MP: 15/20
   417 | D        | Killed a crocodile
   419 | D        | Killed a polar bear
   419 | D        | Reached skill level 5 in Stealth
   423 | D        | Killed a spiny frog
   423 | D        | Reached skill level 10 in Evocations
   423 | D        | Killed a blink frog
   435 | D        | Noticed a catoblepas
   435 | D        | Noticed a yak
   435 | D        | Noticed a death yak
   435 | D        | Noticed a death yak
   435 | D        | Noticed a yak
   435 | D        | Noticed a yak
   435 | D        | Noticed a yak
   437 | D        | Killed a yak
   437 | D        | Killed a yak
   437 | D        | Killed a yak
   438 | D        | Killed a death yak
   438 | D        | Reached skill level 13 in Evocations
   439 | D        | Noticed a yak
   449 | D        | Killed a yak
   449 | D        | Killed a yak
   454 | D        | Killed a catoblepas
   454 | D        | Reached skill level 14 in Evocations
   454 | D        | Reached XP level 10. HP: 83/99 MP: 22/24
   465 | D        | Killed a death yak
   465 | D        | Reached skill level 10 in Short Blades
   465 | D        | Reached skill level 15 in Evocations
   594 | D        | Noticed an orc sorcerer
   594 | D        | Noticed an orc sorcerer
   594 | D        | Noticed an orc priest
   594 | D        | Noticed an orc warrior
   594 | D        | Noticed an orc priest
   600 | D        | Killed an orc warrior
   600 | D        | Killed an orc priest
   602 | D        | Killed an orc sorcerer
   602 | D        | Reached skill level 10 in Stealth
   602 | D        | Killed an orc priest
   602 | D        | Killed an orc priest
   603 | D        | Killed an orc sorcerer
   603 | D        | Reached skill level 16 in Evocations
   603 | D        | Killed an orc priest
   617 | D        | Noticed an orc wizard
   620 | D        | Noticed an orc priest
   627 | D        | Killed an orc wizard
   637 | D        | Killed an orc priest
   710 | D        | Noticed an orc warrior
   710 | D        | Noticed an orc warrior
   710 | D        | Noticed an orc warrior
   710 | D        | Noticed an orc warrior
   710 | D        | Noticed an orc warrior
   710 | D        | Noticed an orc warrior
   710 | D        | Noticed an orc warrior
   713 | D        | Killed an orc warrior
   713 | D        | Killed an orc warrior
   718 | D        | Noticed an orc warrior
   721 | D        | Killed an orc warrior
   724 | D        | Noticed an orc warrior
   727 | D        | Killed an orc warrior
   734 | D        | Killed an orc warrior
   735 | D        | Killed an orc warrior
   735 | D        | Killed an orc warrior
   735 | D        | Killed an orc warrior
   741 | D        | Noticed an orc warrior
   743 | D        | Killed an orc warrior
   746 | D        | Noticed an orc sorcerer
  1056 | D        | Killed an orc sorcerer
  1059 | D        | Killed an orc warrior
  1067 | D        | Noticed an orc warrior
  1068 | D        | Killed an orc warrior
  1118 | D        | Found Mumn's Book Boutique.
  1118 | D        | Noticed an orc high priest
  1118 | D        | Noticed an orc high priest
  1118 | D        | Noticed an orc high priest
  1118 | D        | Noticed an orc knight
  1118 | D        | Noticed an orc knight
  1118 | D        | Noticed an orc high priest
  1125 | D        | Killed an orc high priest
  1130 | D        | Killed an orc knight
  1130 | D        | Killed an orc knight
  1133 | D        | Killed an orc high priest
  1133 | D        | Reached XP level 11. HP: 49/106 MP: 21/21
  1137 | D        | Killed an orc high priest
  1142 | D        | Killed an orc high priest
  1153 | D        | Found Xuasaun's Armour Shop.
  1156 | D        | Noticed an orc high priest
  1157 | D        | Found Crargh's Distillery.
  1158 | D        | Noticed an orc high priest
  1160 | D        | Noticed an orc high priest
  1161 | D        | Noticed a sun demon
  1162 | D        | Killed an orc high priest
  1163 | D        | Found Elaumios' Gadget Shop.
  1163 | D        | Noticed an orc knight
  1164 | D        | Killed an orc high priest
  1165 | D        | Killed an orc high priest
  1165 | D        | Reached skill level 15 in Short Blades
  1170 | D        | Noticed an orc knight
  1171 | D        | Noticed an orc knight
  1172 | D        | Noticed an orc high priest
  1173 | D        | Noticed an ice devil
  1173 | D        | Killed an orc knight
  1180 | D        | Killed an orc knight
  1183 | D        | Killed an orc knight
  1187 | D        | Killed an ice devil
  1196 | D        | HP: 2/106 [orc high priest/divine providence (12)]
  1199 | D        | Killed an orc high priest
  1287 | D        | Bought the +18 shield of the gong {rElec rN+ MR+ EV-5} for 1362 gold pieces
  1300 | D        | Bought a wand of draining (8) for 168 gold pieces
  1343 | D        | Noticed Psyche
  1345 | D        | Killed Psyche
  1345 | D        | Reached skill level 1 in Armour
  1548 | D        | Noticed a red ugly thing
  1548 | D        | Noticed a two-headed ogre
  1548 | D        | Noticed a mottled dragon
  1548 | D        | Noticed a hill giant
  1548 | D        | Noticed a crimson imp
  1548 | D        | Noticed a centaur warrior
  1550 | D        | Noticed a five-headed hydra
  1550 | D        | Killed a crimson imp
  1563 | D        | Killed a hill giant
  1578 | D        | Killed a mottled dragon
  1589 | D        | Killed a two-headed ogre
  1614 | D        | Noticed a hill giant
  1615 | D        | Noticed a giant orange brain
  1622 | D        | Killed a red ugly thing
  1635 | D        | Killed a giant orange brain
  1637 | D        | Killed a five-headed hydra
  1637 | D        | Reached skill level 5 in Armour
  1637 | D        | Reached skill level 5 in Shields
  1714 | D        | Killed a hill giant
  1721 | D        | Noticed a centaur warrior
  1727 | D        | Killed a centaur warrior
  1730 | D        | Killed a centaur warrior
  1762 | D        | Noticed an ogre mage
  1772 | D        | Noticed a great orb of eyes
  1779 | D        | Killed an ogre mage
  1779 | D        | Reached XP level 12. HP: 114/114 MP: 20/20
  1788 | D        | Killed a great orb of eyes
  1790 | D        | Noticed a stone giant
  1806 | D        | Killed a stone giant
  1806 | D        | Reached skill level 10 in Shields
  1888 | D        | Noticed Erolcha
  1898 | D        | Killed Erolcha
  1981 | D        | Noticed a spiny frog
  1981 | D        | Noticed a vampire mosquito
  1981 | D        | Noticed a swamp drake
  1981 | D        | Noticed a swamp drake
  1981 | D        | Noticed a giant frog
  1981 | D        | Noticed a shambling mangrove
  1984 | D        | Killed a giant frog
  1984 | D        | Killed a swamp drake
  1984 | D        | Killed a swamp drake
  1989 | D        | Killed a vampire mosquito
  1989 | D        | Reached skill level 10 in Fighting
  1990 | D        | Killed a shambling mangrove
  1992 | D        | Noticed a thorn hunter
  1993 | D        | Killed a spiny frog
  2002 | D        | Killed a thorn hunter
  2017 | D        | Noticed a naga warrior
  2017 | D        | Noticed a naga warrior
  2017 | D        | Noticed an anaconda
  2017 | D        | Noticed a mana viper
  2017 | D        | Noticed a mana viper
  2017 | D        | Noticed a black mamba
  2017 | D        | Noticed a black mamba
  2024 | D        | Killed a black mamba
  2024 | D        | Killed an anaconda
  2025 | D        | Killed a mana viper
  2035 | D        | Noticed a greater naga
  2036 | D        | Killed a mana viper
  2042 | D        | Killed a black mamba
  2057 | D        | Killed a naga warrior
  2058 | D        | Killed a greater naga
  2070 | D        | Noticed a naga
  2070 | D        | Killed a naga warrior
  2081 | D        | Killed a naga
  2122 | D        | Noticed an alligator snapping turtle
  2122 | D        | Noticed a snapping turtle
  2122 | D        | Noticed a snapping turtle
  2122 | D        | Noticed a mermaid
  2122 | D        | Noticed a cyclops
  2122 | D        | Noticed a manticore
  2122 | D        | Noticed a snapping turtle
  2126 | D        | Killed a cyclops
  2126 | D        | Reached skill level 1 in Throwing
  2128 | D        | Killed a snapping turtle
  2128 | D        | Killed a manticore
  2130 | D        | Killed a mermaid
  2134 | D        | Killed a snapping turtle
  2135 | D        | Noticed a harpy
  2135 | D        | Killed a manticore
  2136 | D        | Killed a snapping turtle
  2137 | D        | Killed a harpy
  2137 | D        | Reached skill level 5 in Throwing
  2141 | D        | Killed an alligator snapping turtle
  2172 | D        | Noticed a wolf spider
  2172 | D        | Noticed a jumping spider
  2172 | D        | Noticed an orb spider
  2172 | D        | Noticed an orb spider
  2172 | D        | Noticed a jumping spider
  2172 | D        | Noticed a wolf spider
  2173 | D        | Noticed a trapdoor spider
  2173 | D        | Killed a wolf spider
  2175 | D        | Killed a jumping spider
  2176 | D        | Noticed a wolf spider
  2177 | D        | Killed a wolf spider
  2178 | D        | Killed a trapdoor spider
  2182 | D        | Killed a wolf spider
  2183 | D        | Noticed an orb spider
  2184 | D        | Killed a jumping spider
  2188 | D        | Killed an orb spider
  2188 | D        | Killed an orb spider
  2188 | D        | Killed an orb spider
  2226 | D        | Noticed Erica
  2235 | D        | Killed Erica
  2845 | D        | Noticed a torpor snail
  2845 | D        | Noticed an ice dragon
  2845 | D        | Noticed a stone giant
  2845 | D        | Noticed a purple ugly thing
  2845 | D        | Noticed a white ugly thing
  2845 | D        | Noticed an ice dragon
  2845 | D        | Noticed an ice dragon
  2849 | D        | Noticed a yaktaur captain
  2849 | D        | Killed an ice dragon
  2849 | D        | Reached skill level 10 in Armour
  2849 | D        | Reached XP level 13. HP: 133/133 MP: 20/20
  2849 | D        | Killed a white ugly thing
  2851 | D        | Noticed a stone giant
  2851 | D        | Killed an ice dragon
  2851 | D        | Killed a purple ugly thing
  2854 | D        | Killed an ice dragon
  2862 | D        | Killed a torpor snail
  2880 | D        | Killed a yaktaur captain
  2888 | D        | Killed a stone giant
  2916 | D        | Noticed an ettin
  2916 | D        | Noticed a death yak
  2921 | D        | Killed a stone giant
  2925 | D        | Killed a death yak
  2926 | D        | Noticed an emperor scorpion
  2929 | D        | Killed an ettin
  2930 | D        | Noticed a tengu warrior
  2932 | D        | Noticed a rakshasa
  2938 | D        | Noticed a rakshasa
  2955 | D        | Killed an emperor scorpion
  2956 | D        | Killed a tengu warrior
  2957 | D        | Killed a rakshasa
  2958 | D        | Noticed a tengu warrior
  2958 | D        | Killed a tengu warrior
  2967 | D        | Noticed a tengu warrior
  2986 | D        | Killed a rakshasa
  2990 | D        | Noticed a tengu warrior
  2997 | D        | Noticed a necromancer
  3001 | D        | Killed a tengu warrior
  3023 | D        | Killed a necromancer
  3048 | D        | Reached skill level 15 in Shields
  3100 | D        | Noticed a deep elf fighter
  3100 | D        | Noticed a hill giant
  3100 | D        | Noticed a vampire mosquito
  3100 | D        | Noticed a vault warden
  3100 | D        | Noticed a vault sentinel
  3100 | D        | Noticed an ironbrand convoker
  3100 | D        | Noticed a yaktaur
  3221 | D        | Killed a vampire mosquito
  3221 | D        | Killed a yaktaur
  3221 | D        | Killed a deep elf fighter
  3222 | D        | Killed an ironbrand convoker
  3224 | D        | Noticed a cyclops
  3224 | D        | Killed a vault sentinel
  3224 | D        | Killed a hill giant
  3234 | D        | Killed a vault warden
  3234 | D        | Reached skill level 17 in Evocations
  3238 | D        | Killed a cyclops
  3239 | D        | Noticed a boulder beetle
  3244 | D        | Noticed a deep elf fighter
  3246 | D        | Noticed a vault warden
  3246 | D        | Killed a boulder beetle
  3247 | D        | Killed a deep elf fighter
  3252 | D        | Noticed a yaktaur
  3253 | D        | Killed a vault warden
  3254 | D        | Noticed a freezing wraith
  3255 | D        | Noticed a vault sentinel
  3256 | D        | Noticed a griffon
  3257 | D        | Noticed a griffon
  3260 | D        | Noticed an orc knight
  3260 | D        | Killed a yaktaur
  3260 | D        | Reached skill level 18 in Evocations
  3261 | D        | Noticed a fire giant
  3262 | D        | Noticed a tengu reaver
  3263 | D        | Killed a freezing wraith
  3265 | D        | Killed a vault sentinel
  3268 | D        | Killed a griffon
  3269 | D        | Killed a griffon
  3275 | D        | Noticed a deep elf conjurer
  3275 | D        | Killed an orc knight
  3278 | D        | Killed a fire giant
  3281 | D        | Killed a tengu reaver
  3281 | D        | Reached skill level 19 in Evocations
  3283 | D        | Killed a deep elf conjurer
  3367 | D        | Noticed Mennas
  3367 | D        | Noticed Nikola
  3445 | D        | Killed Nikola
  3445 | D        | Reached skill level 20 in Evocations
  3474 | D        | Killed Mennas
  3474 | D        | Reached skill level 21 in Evocations
  3474 | D        | Gained mutation: You resist negative energy. [level up]
  3474 | D        | Reached XP level 14. HP: 82/141 MP: 17/19
  3674 | D        | Got the +0 triple crossbow of Cruel Justice {elec, rC++ MR+}
  3679 | D        | Got the +0 triple crossbow of Impatience {freeze, rC++}
  4120 | D        | Noticed Mara
  4122 | D        | Noticed BluebellGnoll's illusion
  4130 | D        | Killed from afar by Mara (illusionary)

Action                   |  1- 3 |  4- 6 |  7- 9 | 10-12 | 13-15 || total
-------------------------+-------+-------+-------+-------+-------++-------
Melee: Short sword       |    25 |       |       |       |       ||    25
       Cutlass           |       |    11 |    11 |    93 |   113 ||   228
Throw: Tomahawk          |       |       |       |     3 |       ||     3
Invok: Greater Servant o |       |       |     2 |     7 |    12 ||    21
       Major Destruction |       |       |       |     3 |     1 ||     4
       Lesser Servant of |       |       |       |     2 |       ||     2
 Abil: Device Recharging |       |       |     2 |     8 |     6 ||    16
Evoke: Wand              |     6 |    15 |    17 |    53 |    49 ||   140
  Use: Scroll            |       |       |       |     5 |     3 ||     8
       Potion            |       |       |       |       |     2 ||     2
 Stab: Paralysed         |       |       |       |     1 |       ||     1
       Confused          |       |       |       |     2 |       ||     2
  Eat: Chunk             |       |       |       |     5 |       ||     5
       Fruit             |       |       |       |     7 |       ||     7
       Meat ration       |       |       |       |     1 |       ||     1
